 Dungeon Sprint DCSS version 0.31.0-32-g396128a36d (webtiles) character file.

Game seed: 13895943718466922752

1234 Heoruswealwe the Impaler (level 8, -8/82 HPs)
             Began as a Minotaur Fighter on Apr 19, 2024.
             Was an Initiate of Gozag.
             Mangled by a two-headed ogre
             ... wielding a +0 giant spiked club
              (25 damage)
             ... in the Dungeon (Sprint IX: "|||||||||||||||||||||||||||||").
             The game lasted 00:02:52 (216 turns).

Heoruswealwe the Impaler (Minotaur Fighter)          Turns: 216, Time: 00:02:53

Health: -8/82      AC: 16    Str: 24    XL:     8   Next: 24%
Magic:  7/7        EV: 10    Int:  5    God:    Gozag
Gold:   0          SH:  0    Dex:  9    Spells: 7/7 levels left

rFire   . . .        b - +2 halberd (protect)
rCold   . . .        (shield currently unavailable)
rNeg    . . .        c - +0 scale mail
rPois   .            (helmet restricted)
rElec   .            (no cloak)
rCorr   .            (no gloves)
SInv    .            (no boots)
Will    .....        (no amulet) Stlth
                     (no ring)
HPRegen 0.33/turn    (no ring)
MPRegen 0.10/turn

%: no teleportation
@: under a protective aura
A: horns 2, retaliatory headbutt
a: Renounce Religion, Potion Petition, Call Merchant, Bribe Branch


You were in the Dungeon.
You worshipped Gozag.
Gozag was noncommittal.
You visited 1 branch

Inventory:

Hand Weapons
 a - a +0 trident
 b - a +2 halberd of protection (weapon)
Armour
 c - a +0 scale mail (worn)
 d - a +0 buckler
Wands
 h - a wand of roots (10)
Potions
 e - 5 potions of curing
 g - a potion of haste
 i - a potion of berserk rage
 k - a potion of might


   Skills:
 + Level 11.5 Fighting
 * Level 15.3 Polearms
 + Level 11.5 Armour
 - Level 3.6 Shields


You had 7 spell levels left.
You didn't know any spells.
Your spell library was empty.

Dungeon Overview and Level Annotations

Branches:
Dungeon (1/1)

Altars:
Cheibriados
Dithmenos
Elyvilon
Fedhas
Gozag
Hepliaklqana
Kikubaaqudgha
Makhleb
Nemelex Xobeh
Okawaru
Qazlal
Ru
Sif Muna
Trog
Uskayaw
Vehumet
Wu Jian
Xom
Yredelemnul
Zin
The Shining One
Jiyva
Lugonu


Innate Abilities, Weirdness & Mutations

You have a pair of horns on your head.
You reflexively headbutt those who attack you in melee.


Message History

There is a white marble altar of Elyvilon here.
There is a shadowy altar of Dithmenos here.
There is a snail-covered altar of Cheibriados here.
There is a roughly hewn altar of Beogh here.
There is an open door to the Temple here.
You close the door.
There is an open door, spattered with blood here.
Items here: )) ††.
As you close the door, pushing everything out of the way, it creaks loudly!
You see here a +0 whip.
There is an open door to the Dungeon here.
Things that are here:
a hobgoblin corpse; a rat corpse; a giant cockroach corpse You close the door, pushing everything out of the way.
You see here a giant cockroach corpse.
You see here a giant cockroach corpse.
You start resting.
Reach: b) +2 halberd (protect)
Press: ? - help, Dir - move target, f - two-headed ogre
Aim: a two-headed ogre, wielding two +0 giant spiked clubs (about 22% to evade your +2 halberd of protection)
You reach to attack!
You slash the two-headed ogre!
Your weapon exudes an aura of protection.
The two-headed ogre is lightly wounded.
You hit the two-headed ogre but do no damage.
Your headbutt misses the two-headed ogre.
The two-headed ogre is lightly wounded.
The two-headed ogre closely misses you.
The two-headed ogre hits you with a +0 giant spiked club.
* * * LOW HITPOINT WARNING * * *
You hit the two-headed ogre.
The two-headed ogre is moderately wounded.
You barely miss the two-headed ogre. You headbutt the two-headed ogre!
The two-headed ogre is heavily wounded.
You barely miss the two-headed ogre.
The two-headed ogre is heavily wounded.
The two-headed ogre closely misses you. You furiously retaliate!
You headbutt the two-headed ogre!
The two-headed ogre hits you with a +0 giant spiked club!!
You die...
Your body crumbles into a pile of gold. ▓▓▓▓▓▓▓▓▓▓▓▓▓▓▓▓▓▓▓▓▓ ___+.....')...WO@..<▓ ▓▓▓▓▓▓▓▓▓▓▓▓▓▓▓▓▓▓▓▓▓

You could see a two-headed ogre and a wraith.

Vanquished Creatures
  A two-headed ogre (D)
  2 yaks (D)
  A water moccasin (D)
  An orc warrior (D)
  An ogre (D)
  A jelly (D)
  A sleepcap (D)
  A gnoll (D)
  2 endoplasms (D)
  A giant cockroach (D)
  A hobgoblin (D)
  A rat (D)
14 creatures vanquished.

Notes
Turn   | Place    | Note
-------+----------+-------------------------------------------
     0 | D        | Heoruswealwe the Minotaur Fighter began the quest for the
                  | Orb.
     0 | D        | Reached XP level 1. HP: 19/19 MP: 0/0
     5 | D        | Reached skill level 3 in Polearms
    33 | D        | Noticed an ogre
    33 | D        | Noticed a water moccasin
    33 | D        | Noticed a jelly
    33 | D        | Noticed a sleepcap
    38 | D        | Killed a sleepcap
    39 | D        | Reached skill level 5 in Fighting
    39 | D        | Reached skill level 5 in Polearms
    39 | D        | Reached skill level 5 in Armour
    39 | D        | Reached XP level 2. HP: 29/29 MP: 1/1
    39 | D        | Reached XP level 3. HP: 36/36 MP: 2/2
    42 | D        | Killed a water moccasin
    43 | D        | Reached skill level 8 in Polearms
    43 | D        | Reached XP level 4. HP: 40/45 MP: 3/3
    45 | D        | Reached skill level 9 in Polearms
    45 | D        | Reached XP level 5. HP: 35/52 MP: 4/4
    49 | D        | Killed an ogre
    50 | D        | Reached skill level 10 in Polearms
    59 | D        | Found a snail-covered altar of Cheibriados.
    59 | D        | Found a shadowy altar of Dithmenos.
    59 | D        | Found a white marble altar of Elyvilon.
    59 | D        | Found a blossoming altar of Fedhas.
    59 | D        | Found an opulent altar of Gozag.
    60 | D        | Found a hazy altar of Hepliaklqana.
    61 | D        | Found a viscous altar of Jiyva.
    62 | D        | Found an ancient bone altar of Kikubaaqudgha.
    63 | D        | Found a corrupted altar of Lugonu.
    64 | D        | Found a burning altar of Makhleb.
    65 | D        | Found a sparkling altar of Nemelex Xobeh.
    66 | D        | Found an iron altar of Okawaru.
    67 | D        | Became a worshipper of Gozag Ym Sagoz the Greedy
    68 | D        | Found a stormy altar of Qazlal.
    69 | D        | Found a sacrificial altar of Ru.
    70 | D        | Found a shimmering blue altar of Sif Muna.
    71 | D        | Found a bloodstained altar of Trog.
    72 | D        | Found a hide-covered altar of Uskayaw.
    73 | D        | Found a radiant altar of Vehumet.
    74 | D        | Found an ornate altar of the Wu Jian Council.
    75 | D        | Found a shimmering altar of Xom.
    76 | D        | Found a basalt altar of Yredelemnul.
    77 | D        | Found a glowing silver altar of Zin.
    78 | D        | Found a glowing golden altar of the Shining One.
   138 | D        | Noticed a wraith
   138 | D        | Noticed a two-headed ogre
   138 | D        | Noticed a yak
   138 | D        | Noticed a two-headed ogre
   138 | D        | Noticed a yak
   138 | D        | Noticed an orc warrior
   143 | D        | Killed an orc warrior
   144 | D        | Reached skill level 11 in Polearms
   144 | D        | Reached XP level 6. HP: 53/63 MP: 5/5
   147 | D        | Killed a yak
   148 | D        | Reached skill level 12 in Polearms
   157 | D        | Killed a two-headed ogre
   158 | D        | Reached skill level 14 in Polearms
   158 | D        | Reached XP level 7. HP: 15/74 MP: 6/6
   158 | D        | Reached XP level 8. HP: 17/82 MP: 7/7
   161 | D        | Reached skill level 15 in Polearms
   216 | D        | Mangled by a two-headed ogre

Illustrated notes

Levels and vault maps discovered:
D:        linesprint [early_d, line_temple, items_1, d_10, items_2, lair_1,
          lair_end, items_3, orc_1, orc_end, items_4, d_15, swamp_1, shoals_1,
          snake_1, spider_1, d_20, vaults_1, items_5, swamp_end, shoals_end,
          snake_end, spider_end, vaults_end, d_27, items_6, zot_1, zot_end,
          crypt_end, forest_end, elf_end, slime_end, tomb_end, abyss_end,
          pan_hell_end]

Skill      XL: |  1  2  3  4  5  6  7  8 |
---------------+-------------------------+-----
Polearms       | 5 8 9 11 14 15 | 15.3
Fighting       | 5 6 7 9 11 | 11.5
Armour         | 5 6 7 9 11 | 11.5
Shields        | |  3.6

Action                     |  1- 3 |  4- 6 |  7- 9 || total
---------------------------+-------+-------+-------++-------
  Melee: Trident           |    18 |    10 |       ||    28
         Headbutt          |     1 |    12 |     3 ||    16
         Halberd           |       |    17 |     9 ||    26
    Use: Potion            |     1 |     2 |       ||     3
         Scroll            |       |       |     2 ||     2
 Armour: Scale mail        |     9 |    14 |     3 ||    26
  Dodge: Dodged            |     9 |     7 |     4 ||    20
  Block: Buckler           |       |     1 |       ||     1
